 Dungeon Crawl Stone Soup version 0.26.1-10-gdfb7c7de75 (webtiles) character file.

Game seed: 13550580243412591504

2720 DearestLeader the Spear-Bearer (level 9, -7/62 HPs)
             Began as a Merfolk Ice Elementalist on Apr 6, 2021.
             Was a Believer of Vehumet.
             Mangled by a nameless horror (10 damage)
             ... created by miscasting Summon Ice Beast
             ... on level 7 of the Dungeon.
             The game lasted 00:20:28 (8290 turns).

DearestLeader the Spear-Bearer (MfIE)               Turns: 8290, Time: 00:20:29

Health: -7/62      AC:  4    Str:  9    XL:     9   Next: 66%
Magic:  0/12       EV: 16    Int: 17    God:    Vehumet [**....]
Gold:   384        SH:  0    Dex: 20    Spells: 1/12 levels left

rFire    . . .     SeeInvis .   v - +0 halberd
rCold    . . .     Faith    .   (shield currently unavailable)
rNeg     . . .     Spirit   +   a - +0 robe
rPois    .         Reflect  .   (no helmet)
rElec    .         Harm     .   z - +0 cloak
rCorr    .         Rampage  .   f - +0 pair of gloves
Will     +....                  (no boots)
Stlth    ++........             l - amulet of guardian spirit
HPRegen  0.20/turn              E - +6 ring of dexterity
MPRegen  0.13/turn              r - ring of willpower

@: very slightly contaminated
A: change form in water, swift swim, stealthy swim
a: Renounce Religion


You were on level 7 of the Dungeon.
You worshipped Vehumet.
Vehumet was pleased with you.
You visited 1 branch of the dungeon, and saw 7 of its levels.
You also visited: Bailey.

You collected 384 gold pieces.

Inventory:

Hand Weapons
 v - a +0 halberd (weapon)
 A - a +0 trident
 B - a +1 rapier of holy wrath
Missiles
 o - 4 poisoned darts (quivered)
Armour
 a - a +0 robe (worn)
 f - a +0 pair of gloves (worn)
 h - a +0 ring mail
 q - a cursed +0 buckler
 z - a +0 cloak (worn)
Jewellery
 k - an uncursed ring of resist corrosion
 l - an amulet of guardian spirit (around neck)
 r - a ring of willpower (right hand)
 w - an uncursed ring of positive energy
 E - a +6 ring of dexterity (left hand)
Scrolls
 b - a scroll of immolation
 g - 7 scrolls of enchant armour
 p - 5 scrolls of fear
 s - 2 scrolls of teleportation
 t - 4 scrolls of remove curse
 u - a scroll of fog
 y - 2 scrolls of blinking
 D - a scroll of amnesia
Potions
 c - 2 potions of curing
 d - a potion of resistance
 e - a potion of invisibility
 i - 2 potions of brilliance
 j - a potion of mutation
 m - a potion of lignification
 n - a potion of cancellation {unknown}
 x - a potion of haste {unknown}
 C - a potion of flight {unknown}


   Skills:
 + Level 2.4 Fighting
 * Level 13.3 Polearms
 - Level 5.0 Dodging
 - Level 2.1 Stealth
 * Level 1.3 Shields
 - Level 2.0 Spellcasting
 - Level 9.0 Ice Magic


You had one spell level left.
You knew the following spells:

 Your Spells              Type           Power        Failure   Level
a - Freeze                Ice            100%         1%          1
b - Frozen Ramparts       Ice            64%          1%          3
c - Ozocubu's Armour      Ice            32%          1%          3
d - Summon Ice Beast      Ice/Summ       17%          30%         4

Your spell library contained the following spells:

 Spells                   Type           Power        Failure   Level
 Foxfire                  Conj/Fire      4%           19%         1
 Animate Skeleton         Necr           2%           19%         1
 Apportation              Tloc           2%           19%         1
 Corona                   Hex            1%           19%         1
 Pain                     Necr           4%           19%         1
 Summon Small Mammal      Summ           4%           19%         1
 Hailstorm                Conj/Ice       17%          30%         4
 Vampiric Draining        Necr           0%           50%         3
 Animate Dead             Necr           0%           88%         4
 Agony                    Necr           1%           99%         5


Dungeon Overview and Level Annotations

Branches:
Dungeon (7/15)             Temple (0/1) D:7          Bailey (visited)

Altars:
Ashenzari
Cheibriados
Fedhas
Qazlal
Uskayaw
Vehumet
Xom
Zin
The Shining One


Message History

The nameless horror hits you!
* * * LOW HITPOINT WARNING * * *
The orc warrior closely misses you.
The orc knight shouts!
There is an empty arch of ancient stone, spattered with blood here.
You see here a bolt.
The orc closely misses you.
The nameless horror completely misses you.
There is a gate leading back out of this place here.
The nameless horror hits you.
* * * LOW HITPOINT WARNING * * *
The orc warrior hits you from afar with a +0 halberd.
* * * LOW HITPOINT WARNING * * *
The orc closely misses you.
Welcome back to the Dungeon!
There is an empty arch of ancient stone here.
You barely miss the nameless horror.
The nameless horror is moderately damaged.
The nameless horror hits you!
You die...

*****#####.........##....##
#............#...##...
**,**#..........#.../..
*,,* #........##......#
**** #...........###.##
###.......).#.# *.#*
##.....##..)##)# *,.,
#.......#......# ***#
**####..)@).....##### *
*,.......X....#####*******
*,..................,,,,,,
*,.......###########******
*,....###* * *,....*
*,...,* **##***


You could see a nameless horror.

Vanquished Creatures
  Pikel (D:6)
  Prince Ribbit (D:6)
  Sigmund (D:3)
  Eustachio (D:5)
  2 orc warriors
  An ice beast (D:6)
  3 ogres
  A phantom (D:6)
  A centaur (D:5)
  2 lemures (D:6)
  4 bullfrogs
  A howler monkey (D:5)
  A bullfrog zombie (D:6)
  A centaur zombie (D:5)
  A hound (D:6)
  3 orc priests
  A centaur skeleton (D:5)
  4 orc wizards
  4 iguanas
  Natasha (thrice) (D:2)
  4 worker ants
  5 adders
  2 shadow imps
  A white imp (D:6)
  An ufetubus (D:5)
  3 oozes
  3 adder zombies
  7 worms
  A dart slug (D:1)
  A leopard gecko (D:2)
  14 orcs
  5 giant cockroaches
  12 goblins
  4 hobgoblins
  8 jackals
  A quokka (D:6)
  2 ball pythons (D:3)
  6 bats
  5 frilled lizards
  9 kobolds
  A leopard gecko zombie (D:6)
  9 rats
141 creatures vanquished.

Notes
Turn   | Place    | Note
-------+----------+-------------------------------------------
     0 | D:1      | DearestLeader the Merfolk Ice Elementalist began the quest
                  | for the Orb.
     0 | D:1      | Reached XP level 1. HP: 13/13 MP: 3/3
   237 | D:1      | Reached XP level 2. HP: 19/19 MP: 3/5
   239 | D:1      | Reached skill level 5 in Ice Magic
   546 | D:1      | Reached XP level 3. HP: 24/24 MP: 6/6
   550 | D:1      | Learned a level 3 spell: Frozen Ramparts
  1139 | D:2      | Found a radiant altar of Vehumet.
  1147 | D:2      | Became a worshipper of Vehumet
  1195 | D:2      | Found a blossoming altar of Fedhas.
  1575 | D:2      | Reached XP level 4. HP: 29/30 MP: 3/7
  1726 | D:2      | Noticed Natasha
  1735 | D:2      | Killed Natasha
  1908 | D:2      | Noticed Natasha
  1919 | D:2      | Killed Natasha
  1920 | D:2      | Reached XP level 5. HP: 25/35 MP: 2/8
  1993 | D:2      | Noticed Natasha
  2002 | D:2      | Killed Natasha
  2007 | D:2      | Learned a level 3 spell: Ozocubu's Armour
  2432 | D:3      | Reached * piety under Vehumet
  2432 | D:3      | Offered knowledge of Sandblast by Vehumet.
  2695 | D:3      | Noticed Sigmund
  2720 | D:3      | Killed Sigmund
  2721 | D:3      | Reached XP level 6. HP: 37/41 MP: 0/9
  2833 | D:3      | Found a broken altar of Ashenzari.
  2835 | D:3      | Found a glowing silver altar of Zin.
  2839 | D:3      | Found a glowing golden altar of the Shining One.
  3314 | D:3      | Found a stormy altar of Qazlal.
  3315 | D:3      | Noticed a fire elemental
  3317 | D:3      | Noticed a water elemental
  3317 | D:3      | Noticed an air elemental
  3611 | D:4      | Noticed a +0 hand axe
  3612 | D:4      | Found a hide-covered altar of Uskayaw.
  3612 | D:4      | Noticed a +0 dagger
  3770 | D:4      | Noticed an orc warrior
  3912 | D:4      | Killed an orc warrior
  3913 | D:4      | Reached skill level 1 in Fighting
  3913 | D:4      | Reached XP level 7. HP: 31/48 MP: 1/10
  4091 | D:4      | Reached skill level 1 in Polearms
  4533 | D:4      | Reached skill level 2 in Polearms
  4743 | D:5      | Entered Level 5 of the Dungeon
  4767 | D:5      | Reached skill level 3 in Polearms
  4880 | D:5      | Found a shimmering altar of Xom.
  5054 | D:5      | Noticed Eustachio
  5080 | D:5      | Killed Eustachio
  5081 | D:5      | Reached skill level 5 in Polearms
  5081 | D:5      | Reached XP level 8. HP: 56/56 MP: 2/11
  5189 | D:5      | Reached skill level 6 in Polearms
  5208 | D:5      | Offered knowledge of Foxfire by Vehumet.
  5237 | D:5      | Reached ** piety under Vehumet
  5238 | D:5      | Reached skill level 7 in Polearms
  5847 | D:5      | Reached skill level 8 in Polearms
  5923 | D:5      | Learned a level 4 spell: Summon Ice Beast
  6316 | D:6      | Reached skill level 9 in Polearms
  6424 | D:6      | Noticed Prince Ribbit
  6450 | D:6      | Killed Prince Ribbit
  6451 | D:6      | Reached skill level 10 in Polearms
  6615 | D:6      | Reached skill level 5 in Dodging
  6726 | D:6      | Reached XP level 9. HP: 54/61 MP: 12/12
  6806 | D:6      | Reached skill level 11 in Polearms
  7299 | D:6      | Found a snail-covered altar of Cheibriados.
  7492 | D:6      | Noticed Pikel
  7508 | D:6      | Killed Pikel
  7509 | D:6      | Reached skill level 12 in Polearms
  8138 | D:7      | Reached skill level 13 in Polearms
  8151 | D:7      | Found a staircase to the Ecumenical Temple.
  8231 | D:7      | Reached skill level 1 in Shields
  8238 | D:7      | Found a flagged portal.
  8275 | Bailey   | Entered a bailey
  8275 | Bailey   | Noticed an orc knight
  8280 | Bailey   | Noticed a nameless horror
  8286 | Bailey   | Noticed an orc knight
  8288 | Bailey   | HP: 2/62 [orc warrior/+0 halberd (5)]
  8290 | D:7      | Mangled by a nameless horror

Illustrated notes

Levels and vault maps discovered:
D:1:      dpeg_arrival_tiny_a, layout_loops_cross
D:2:      layout_basic, overflow_temple_1_default, kennysheep_cross_bottleneck,
          fedhas_altar_2, uniq_natasha
D:3:      minmay_angry_zag, layout_basic, nicolae_qazlal_style_of_elements,
          grunt_temple_overflow_open, uniq_sigmund
D:4:      layout_rooms, dancing_weapons_uskayaw
D:5:      layout_cave_pools, nicolae_overflow_crystal_walls, chequers_big_river,
          minmay_quadrilaterals, uniq_eustachio
D:6:      layout_basic, general_overflow_altar, uniq_prince_ribbit1, uniq_pikel
D:7:      layout_rooms, nicolae_overflow_hidden_temple,
          minmay_temple_entry_offerings, enter_bailey_2

Skill      XL: |  1  2  3  4  5  6  7  8  9 |
---------------+----------------------------+-----
Ice Magic      | 5 6 8 9 |  9.0
Fighting       | 1 2 |  2.4
Dodging        | 3 4 5 |  5.0
Polearms       | 5 10 13 | 13.3
Shields        | 1 |  1.3
Stealth        | |  2.1
Spellcasting   | |  2.0

Action                   |  1- 3 |  4- 6 |  7- 9 || total
-------------------------+-------+-------+-------++-------
Melee: Short sword       |    59 |    23 |       ||    82
       Unarmed           |     1 |       |       ||     1
       Whip              |       |    96 |       ||    96
       Trident           |       |       |   269 ||   269
       Halberd           |       |       |     5 ||     5
 Cast: Freeze            |    12 |    19 |       ||    31
       Frozen Ramparts   |     9 |    14 |    28 ||    51
       Ozocubu's Armour  |       |     2 |    13 ||    15
       Summon Ice Beast  |       |       |     2 ||     2
  Use: Scroll            |       |     4 |    11 ||    15
       Potion            |       |       |     5 ||     5
 Stab: Sleeping          |     6 |     4 |     5 ||    15
       Invisible         |       |       |     2 ||     2
       Distracted        |       |       |     1 ||     1
Armor: Robe              |    19 |    31 |    49 ||    99
Dodge: Dodged            |    64 |    94 |   193 ||   351
